 Dungeon Crawl Stone Soup version 0.30-a0-862-g1aabd4f9c5 (webtiles) character file.

Game seed: 2209818645160736057

4044 browni3141 the Covert (level 10, -2/56 HPs)
             Began as a Kobold Artificer on Mar 9, 2023.
             Was a Believer of Uskayaw.
             Engulfed by a cloud of flame (16 damage)
             ... on level 9 of the Dungeon.
             The game lasted 00:16:00 (10105 turns).

browni3141 the Covert (Kobold Artificer)           Turns: 10105, Time: 00:16:01

Health: -2/56      AC: 10    Str: 10    XL:     10   Next: 48%
Magic:  11/15      EV: 15    Int: 13    God:    Uskayaw [**....]
Gold:   561        SH:  0    Dex: 19    Spells: 4/13 levels left

rFire   . . .      SeeInvis .    G - +1 dagger (venom)
rCold   . . .      Faith    .    (no shield)
rNeg    + . .      Spirit   .    e - +0 robe {Will+}
rPois   .          Reflect  .    r - +0 helmet
rElec   .          Rampage  .    x - +0 cloak
rCorr   .                        z - +2 pair of gloves
Will    +....                    h - +2 pair of boots
Stlth   +++++                    (no amulet)
HPRegen 0.29/turn                m - ring of wizardry
MPRegen 0.14/turn                y - ring of positive energy

@: no status effects
A: small, no large weapons, nightstalker 3
a: Renounce Religion, Stomp, Line Pass


You were on level 9 of the Dungeon.
You worshipped Uskayaw.
Uskayaw was noncommittal.
You visited 1 branch of the dungeon, and saw 9 of its levels.

You collected 561 gold pieces.

Inventory:

Hand Weapons
 a - a +0 club
 j - a +0 dagger
 q - a +0 short sword
 t - a +2 dagger of speed
 G - a +1 dagger of venom (weapon)
Armour
 b - a +0 leather armour
 e - a +0 robe of willpower (worn)
 h - a +2 pair of boots (worn)
 r - a +0 helmet (worn)
 u - a +0 pair of gloves
 x - a +0 cloak (worn)
 z - a +2 pair of gloves (worn)
Jewellery
 m - a ring of wizardry (left hand)
 y - a ring of positive energy (right hand)
 A - a ring of fire
 J - a +4 ring of protection
 N - a ring of resist corrosion
Wands
 c - a wand of flame (4)
 d - a wand of charming (13)
 Q - a wand of iceblast (11)
 R - a wand of acid (8)
Scrolls
 f - a scroll of noise
 g - a scroll of magic mapping
 i - 2 scrolls of brand weapon
 k - 7 scrolls of vulnerability
 o - a scroll of poison {unknown}
 C - 2 scrolls of amnesia {unknown}
 E - 2 scrolls of identify
 F - 2 scrolls of fog {unknown}
 I - 4 scrolls of teleportation {unknown}
 L - a scroll of enchant weapon {unknown}
 M - a scroll of silence {unknown}
Potions
 l - 3 potions of haste {unknown}
 n - a potion of brilliance {unknown}
 p - 3 potions of curing {unknown}
 s - 3 potions of mutation {unknown}
 v - a potion of cancellation {unknown}
 w - 4 potions of heal wounds {unknown}
 B - a potion of degeneration {unknown}
 D - a potion of might {unknown}
 H - 2 potions of lignification {unknown}
 K - a potion of resistance {unknown}
 O - a potion of attraction {unknown}
 P - a potion of ambrosia {unknown}


   Skills:
 - Level 4.0 Fighting
 + Level 7.4 Short Blades
 - Level 1.0 Armour
 - Level 3.0 Dodging
 + Level 8.5 Stealth
 - Level 2.0 Spellcasting
 - Level 4.0 Conjurations
 - Level 4.0 Translocations
 - Level 4.0 Air Magic
 - Level 4.0 Poison Magic
 * Level 7.4 Invocations
 - Level 4.0 Evocations


You had 4 spell levels left.
You knew the following spells:

 Your Spells              Type           Power      Damage    Failure   Level
a - Cigotuvi's Dreadful   Necr/Pois/Air  16%        N/A       5%          2
b - Mephitic Cloud        Conj/Pois/Air  11%        N/A       6%          3
c - Poisonous Vapours     Pois/Air       22%        N/A       3%          2
d - Blink                 Tloc           22%        N/A       3%          2

Your spell library contained the following spells:

 Spells                   Type           Power      Damage    Failure   Level
 Lesser Beckoning         Tloc           22%        N/A       3%          2
 Momentum Strike          Conj/Tloc      22%        3d8       3%          2
 Kindle Blastsparks       Fire/Tloc/Air  16%        2d11      11%         3
 Ignite Poison            Fire/Tmut/Pois 4%         N/A       17%         3
 Animate Armour           Summ/Erth      2%         N/A       65%         4
 Iskenderun's Battlesphe  Conj           11%        2d7       45%         5
 Freezing Cloud           Conj/Ice/Air   4%         6-21      65%         5
 Fireball                 Conj/Fire      3%         3d4       73%         5
 Blade Hands              Tmut           0%         N/A       93%         5
 Conjure Ball Lightning   Conj/Air       5%         3x3d6     95%         6
 Iron Shot                Conj/Erth      3%         9d2       99%         6
 Orb of Destruction       Conj           5%         9d5       100%        7


Dungeon Overview and Level Annotations

Branches:
Dungeon (9/15)             Temple (0/1) D:6
   Lair: D:8-11         Orc: D:9-12

Altars:
Hepliaklqana
Kikubaaqudgha
Ru
Trog
Uskayaw

Shops:
D:1 :   D:7 [


Innate Abilities, Weirdness & Mutations

You are small and have problems with some larger weapons.
You are completely attuned to the shadows.


Message History

You hit the gnoll bouda.
The gnoll bouda looks as sick as possible!
The gnoll bouda is lightly wounded.
The gnoll hits you but does no damage.
You hit the gnoll bouda.
The gnoll bouda is moderately wounded.
The gnoll bouda closely misses you.
Uskayaw will force your foes to helplessly watch your dance.
Uskayaw prepares the audience for your solo!
The helpless gnoll bouda fails to defend itself.
You spit the gnoll bouda like a pig!!!!
You kill the gnoll bouda!
Uskayaw prepares the audience for your solo!
Items here: )) [ ††.
The helpless gnoll fails to defend itself.
You stick the gnoll like a pincushion!!!
You kill the gnoll!
Uskayaw will force your foes to share their pain.
No target in view!
You see here a +0 spear.
Found a stone staircase leading down.
Found the Catalogue of Retrieval.
A gnoll comes into view. It is wielding a +0 spear.
Found a bloodstained altar of Trog.
The gnoll closely misses you.
The spellbook bursts into flames!
Trog roars with delight!
You are engulfed in blazing flames.
The gnoll hits you with a +0 spear.
* * * LOW HITPOINT WARNING * * *
You are too injured to fight recklessly!
You are too injured to fight recklessly!
Aiming: Mephitic Cloud (dangerous; 6% risk of failure)
Press: ? - help, Q - select action, (/) - cycle Shift-Dir - straight line That beam is likely to hit you.
Continue anyway?
Okay, then.
Aiming: Mephitic Cloud (dangerous; 6% risk of failure)
Press: ? - help, Q - select action, (/) - cycle Shift-Dir - straight line The ball explodes into a vile cloud!
The stinking cloud engulfs the gnoll but does no damage.
You are engulfed in blazing flames.
You die...

.###.# #.# #)#
#)# .###.####
........>
#########.###.
#..○..###.#
#.○○@.....#
#○○g..#####
#######


You could see a gnoll (swift).

Vanquished Creatures
  Pikel (D:8)
  Grinder (D:3)
  Prince Ribbit (D:7)
  Sigmund (D:5)
  A steam dragon (D:8)
  A vampire mosquito (D:9)
  A water moccasin (D:6)
  An acid dragon (D:6)
  An ice beast (D:7)
  A sky beast (D:7)
  A centaur (D:8)
  2 lemures (D:8)
  A kobold brigand (D:9)
  2 gnoll sergeants
  7 scorpions
  3 wights (D:8)
  10 killer bees (D:7)
  3 howler monkeys
  A jelly (D:7)
  3 orc priests
  2 gnoll boudas
  2 hounds
  Crazy Yiuf (D:3)
  A sleepcap (D:8)
  Natasha (thrice) (D:3)
  7 orc wizards
  Robin (D:3)
  18 gnolls
  6 adders
  4 shadow imps
  A white imp (D:6)
  An ufetubus (D:4)
  2 worms (D:3)
  2 dart slugs
  36 orcs
  4 bats
  8 endoplasms
  4 giant cockroaches
  23 goblins
  14 hobgoblins
  6 kobolds
  3 ball pythons
  2 frilled lizards
  9 rats
203 creatures vanquished.

Vanquished Creatures (others)
  A rat (D:2)
1 creature vanquished.

Grand Total: 204 creatures vanquished

Notes
Turn   | Place    | Note
-------+----------+-------------------------------------------
     0 | D:1      | browni3141 the Kobold Artificer began the quest for the
                  | Orb.
     0 | D:1      | Reached XP level 1. HP: 12/12 MP: 1/1
   146 | D:1      | Reached skill level 2 in Stealth
   191 | D:1      | Reached XP level 2. HP: 16/16 MP: 2/2
   301 | D:1      | Reached skill level 3 in Stealth
   506 | D:1      | Found Biepur's Book Boutique.
   859 | D:2      | Found a faded altar of an unknown god.
   924 | D:2      | Reached XP level 3. HP: 20/20 MP: 3/3
   959 | D:2      | Learned a level 2 spell: Cigotuvi's Dreadful Rot
  1026 | D:2      | Reached skill level 1 in Short Blades
  1672 | D:3      | Found a hazy altar of Hepliaklqana.
  1707 | D:3      | Noticed Grinder
  1712 | D:3      | Killed Grinder
  1713 | D:3      | Reached skill level 5 in Stealth
  1713 | D:3      | Reached XP level 4. HP: 13/26 MP: 4/7
  1713 | D:3      | Reached XP level 5. HP: 15/30 MP: 4/8
  1713 | D:3      | Reached XP level 6. HP: 18/35 MP: 4/9
  1717 | D:3      | Learned a level 3 spell: Mephitic Cloud
  1818 | D:3      | Found a runed translucent door.
  1821 | D:3      | Noticed Crazy Yiuf
  2230 | D:3      | Noticed Robin
  2284 | D:3      | Killed Robin
  2293 | D:3      | Reached skill level 1 in Conjurations
  2357 | D:3      | Noticed Natasha
  2361 | D:3      | Killed Natasha
  2568 | D:3      | Noticed Natasha
  2577 | D:3      | Killed Natasha
  2578 | D:3      | Reached XP level 7. HP: 40/40 MP: 3/10
  2964 | D:3      | Killed Crazy Yiuf
  3227 | D:4      | Reached skill level 1 in Armour
  3546 | D:4      | Reached XP level 8. HP: 23/44 MP: 9/11
  3688 | D:4      | Learned a level 2 spell: Poisonous Vapours
  3691 | D:4      | Learned a level 2 spell: Blink
  4208 | D:5      | Entered Level 5 of the Dungeon
  4217 | D:5      | Reached skill level 1 in Translocations
  4921 | D:5      | Noticed Sigmund
  4930 | D:5      | Killed Sigmund
  5507 | D:5      | Found a hide-covered altar of Uskayaw.
  5591 | D:5      | Became a worshipper of Uskayaw the Reveller
  5624 | D:5      | Reached * piety under Uskayaw
  5805 | D:3      | Noticed Natasha
  5813 | D:3      | Killed Natasha
  5870 | D:3      | Reached ** piety under Uskayaw
  5871 | D:3      | Reached XP level 9. HP: 48/48 MP: 12/12
  5980 | D:6      | Identified the +3 dagger "Suenaif" {freeze, Will+ MP+9
                  | Stlth+}
  6040 | D:6      | Reached skill level 1 in Invocations
  6238 | D:6      | Reached *** piety under Uskayaw
  6739 | D:6      | Found a staircase to the Ecumenical Temple.
  7104 | D:6      | Reached skill level 5 in Short Blades
  7104 | D:6      | Reached skill level 6 in Stealth
  7873 | D:7      | Reached **** piety under Uskayaw
  7904 | D:7      | Noticed Prince Ribbit
  7906 | D:7      | Killed Prince Ribbit
  8182 | D:7      | Found Piuxtamo's Armour Shoppe.
  8282 | D:7      | Reached skill level 5 in Invocations
  8355 | D:7      | Reached skill level 7 in Stealth
  8450 | D:7      | Reached XP level 10. HP: 56/56 MP: 12/14
  8551 | D:7      | Found a sacrificial altar of Ru.
  9009 | D:8      | Found an ancient bone altar of Kikubaaqudgha.
  9307 | D:8      | Noticed Pikel
  9330 | D:8      | Killed Pikel
  9331 | D:8      | Reached skill level 8 in Stealth
 10102 | D:9      | Found a bloodstained altar of Trog.
 10105 | D:9      | Engulfed by a cloud of flame

Illustrated notes

Levels and vault maps discovered:
D:1:      onia_arrival_pyramid, layout_loops_ring, serial_shops,
          nicolae_lakefront_shop, minmay_misc_feat_plants,
          hangedman_abyss_or_decor_stabs, minmay_pentomino_s4
D:2:      layout_basic, ebering_ecumenical_altar_webs
D:3:      layout_basic, general_overflow_altar, uniq_grinder, uniq_natasha,
          uniq_robin, uniq_crazy_yiuf_cottage
D:4:      layout_loops_ring, minmay_goblin_outpost
D:5:      layout_loops_corners, mainiacjoe_overflow_24_doors, uniq_sigmund
D:6:      layout_basic, minmay_temple_entry_grid
D:7:      layout_basic, nicolae_ru_awakened_eye, serial_shops, shop,
          uniq_prince_ribbit1
D:8:      layout_loops_ring, amcnicky_altar_gilded, grunt_ministairs_14,
          chequers_serial_rivers_micro_e, chequers_serial_rivers_micro_b,
          chequers_arboretum, uniq_pikel
D:9:      layout_basic, kennysheep_slug_shrine, trog_book, dpeg_oklobed_lair,
          enter_bailey_1

Skill      XL: |  1  2  3  4  5  6  7  8  9 10 |
---------------+-------------------------------+-----
Stealth        | 2 3 5 7 8 |  8.5
Short Blades   | 2 3 4 6 7 |  7.4
Fighting       | 2 4 |  4.0
Spellcasting   | 2 |  2.0
Air Magic      | 2 3 4 |  4.0
Poison Magic   | 2 3 4 |  4.0
Conjurations   | 1 3 4 |  4.0
Armour         | 1 |  1.0
Evocations     | 4 |  4.0
Dodging        | 3 |  3.0
Translocations | 4 |  4.0
Invocations    | 5 7 |  7.4

Action                     |  1- 3 |  4- 6 |  7- 9 | 10-12 || total
---------------------------+-------+-------+-------+-------++-------
  Melee: Club              |    29 |       |       |       ||    29
         Dagger            |    55 |    94 |   456 |   142 ||   747
         Short sword       |     5 |    13 |       |       ||    18
         Punch             |       |     1 |     7 |     5 ||    13
   Cast: Mephitic Cloud    |       |     4 |    22 |     6 ||    32
         Poisonous Vapours |       |       |     6 |       ||     6
 Invoke: Stomp             |       |       |     4 |     5 ||     9
         Line Pass         |       |       |       |     1 ||     1
  Evoke: Wand              |    12 |       |     6 |       ||    18
    Use: Scroll            |       |       |     4 |       ||     4
   Stab: Sleeping          |    11 |     3 |    20 |     1 ||    35
         Distracted        |     2 |       |     2 |       ||     4
         Confused          |       |     3 |    13 |     6 ||    22
         Paralysed         |       |       |     2 |     2 ||     4
 Armour: Leather armour    |    10 |    12 |    64 |       ||    86
         Robe              |       |       |    16 |    32 ||    48
  Dodge: Dodged            |    51 |    46 |   226 |    80 ||   403

Table legend: (Time is in decaauts)
 A = Elapsed time spent in this place.
 B = Non-inter-level travel time spent in this place.
 C = Inter-level travel time spent in this place.
 D = Time resting spent in this place.
 E = Time spent auto-exploring this place.
 F = Levels seen in this place.
 G = Mean time per level.
                   A        B        C        D        E       F      G
               +--------+--------+--------+--------+--------+-----+--------+
         Total |   9853 |   9250 |    603 |    368 |   7345 |   9 | 1094.8 |
       Dungeon |   9853 |   9250 |    603 |    368 |   7345 |   9 | 1094.8 |
               +--------+--------+--------+--------+--------+-----+--------+

Top non-repeatable levels by time:
     D:5: 1640 daAuts
     D:3: 1521 daAuts
     D:6: 1471 daAuts
     D:7: 1192 daAuts
     D:4: 1171 daAuts
     D:8: 1140 daAuts
     D:1: 898 daAuts
     D:2: 773 daAuts
     D:9: 44 daAuts
